 Dungeon Crawl Stone Soup version 0.24-a0-250-g6074511 (webtiles) character file.

Game seed: 12558095582860867857

815 Gunnerkreig the Conjurer (level 7, -3/45 HPs)
             Began as an Octopode Wizard on Apr 15, 2019.
             Was an Initiate of Vehumet.
             Killed by divine providence
             ... invoked by an orc priest
              (10 damage)
             ... on level 5 of the Dungeon.
             The game lasted 00:16:03 (6108 turns).

Gunnerkreig the Conjurer (Octopode Wizard)          Turns: 6108, Time: 00:16:04

Health: -3/45      AC:  3    Str:  6    XL:     7   Next: 94%
Magic:  2/11       EV: 13    Int: 22    God:    Vehumet [......]
Gold:   210        SH:  5    Dex: 11    Spells: 1/12 levels left

rFire    . . .     SeeInvis .   e - +2 falchion (slice)
rCold    . . .     Gourm    .   n - +1 buckler
rNeg     . . .     Faith    .   a - +2 hat
rPois    .         Spirit   .   (no amulet)
rElec    .         Reflect  .   (no ring)
rCorr    .         Harm     .   (no ring)
MR       .....                  (no ring)
Stlth    ++++......             (no ring)
HPRegen  0.15/turn              (no ring)
MPRegen  0.12/turn              (no ring)
                                (no ring)
                                (no ring)

@: no status effects
A: almost no armour, stealthy swim, amphibious, 8 rings, constrict 8, camouflage
1, gelatinous body 1
a: Renounce Religion


You were on level 5 of the Dungeon.
You worshipped Vehumet.
Vehumet was noncommittal.
You were not hungry.

You visited 2 branches of the dungeon, and saw 6 of its levels.

You collected 210 gold pieces.

Inventory:

Hand Weapons
 e - a +2 falchion of slicing (weapon)
 i - a +1 dagger of protection
 t - the +9 hand axe of Action {chop, *Corrode +Rage rElec MP-9}
   (You found it on level 4 of the Dungeon)

   It inflicts extra damage upon your enemies.
   It insulates you from electricity.
   It affects your magic capacity (-9).
   It lets you go berserk.
   It may corrode you when you take damage.
Missiles
 d - 174 stones
 s - 7 tomahawks (quivered)
Armour
 a - a +2 hat (worn)
 n - a +1 buckler (worn)
Wands
 v - a wand of clouds (7)
Scrolls
 b - a scroll of identify
 g - a scroll of brand weapon {unknown}
 j - a scroll of random uselessness {unknown}
 k - a scroll of fog
 l - 4 scrolls of teleportation
 p - 3 scrolls of blinking {unknown}
 q - a scroll of remove curse {unknown}
 r - a scroll of torment {unknown}
 u - a scroll of immolation {unknown}
Potions
 f - a potion of mutation
 h - a potion of curing {unknown}
 m - a potion of heal wounds
 o - a potion of flight {unknown}
Comestibles
 c - 6 rations


   Skills:
 + Level 2.2 Fighting
 + Level 2.1 Dodging
 - Level 5.2 Stealth
 + Level 2.2 Shields
 + Level 3.2 Spellcasting
 * Level 5.4 Conjurations
 - Level 2.0 Summonings
 - Level 1.0 Translocations
 + Level 2.2 Fire Magic
 + Level 2.1 Air Magic
 - Level 1.1 Poison Magic


You had one spell level left.
You knew the following spells:

 Your Spells              Type           Power        Failure   Level  Hunger
a - Magic Dart            Conj           ####         1%          1    None
b - Conjure Flame         Conj/Fire      ###.....     10%         3    ###....
c - Mephitic Cloud        Conj/Pois/Air  ###.....     14%         3    ###....
d - Blink                 Tloc           N/A          16%         2    ##.....
w - Call Imp              Summ           ##......     10%         2    ##.....

Your spell library contained the following spells:

 Spells                   Type           Power        Failure   Level  Hunger
 Slow                     Hex            #.......     22%         2    ##.....


Dungeon Overview and Level Annotations

Branches:
Dungeon (5/15)             Temple (1/1) D:4

Altars:
Ashenzari
Cheibriados
Dithmenos
Elyvilon
Gozag
Hepliaklqana
Kikubaaqudgha
Makhleb
Nemelex Xobeh
Okawaru
Qazlal
Ru
Sif Muna
Trog
Uskayaw
Vehumet
Xom
Yredelemnul
Zin
The Shining One


Innate Abilities, Weirdness & Mutations

You cannot wear most types of armour.
You are very stealthy in the water. (Stealth+)
You are amphibious.
You can wear up to eight rings at the same time.
You can use your tentacles to constrict eight enemies at once.
Your skin changes colour to match your surroundings (Stealth+).
Your rubbery body absorbs attacks. (AC +1, EV +1)


Message History

Aiming: Magic Dart (safe; 1% risk of failure)
Press: ? - help, Shift-Dir - straight line, f/p - worker ant
Aim: a worker ant The magic dart hits the worker ant but does no damage.
You block the worker ant's attack.
The worker ant splashes around in the water.
Casting: Magic Dart (safe; 1% risk of failure)
Confirm with . or Enter, or press ? or * to list all spells.
Aiming: Magic Dart (safe; 1% risk of failure)
Press: ? - help, Shift-Dir - straight line, f/p - worker ant
Aim: a worker ant The magic dart hits the worker ant.
The worker ant is moderately wounded.
The worker ant closely misses you.
You hit the worker ant. You grab the worker ant.
The worker ant is severely wounded.
You constrict the worker ant.
The orc priest invokes the aid of Beogh against you.
Beogh smites you!
You die...

##......#.#####...........#
##.......#..................
#........#.#####...<........
.....(.#.#.#...#.#..........
.....#.#.#.#.#............
#....#.#.#.#............ #.
##....#...#.#............
....#.....#####.#............
#.........oa@...#............
.######...#####.#.##.........
#.).# #.#.# ......... #...#
#.#.# #........ .....#
#.#.####....... ......#
..#..##....#...
....$..#.#####........##..
#......#...............##.
......# #........###.


You could see a worker ant and an orc priest.

Vanquished Creatures
  2 sky beasts (D:5)
  An orc warrior (D:3)
  3 crimson imps
  2 hounds
  2 orc priests (D:4)
  3 orc wizards
  4 worker ants
  7 adders
  A shadow imp (D:5)
  An ooze (D:4)
  An adder zombie (D:5)
  A worm (D:2)
  2 dart slugs
  A leopard gecko (D:3)
  16 orcs
  8 giant cockroaches
  9 goblins
  6 hobgoblins
  A jackal (D:5)
  A quokka (D:2)
  2 ball pythons
  9 bats
  7 frilled lizards
  7 kobolds
  A leopard gecko skeleton (D:5)
  9 rats
107 creatures vanquished.

Notes
Turn   | Place    | Note
-------+----------+-------------------------------------------
     0 | D:1      | Gunnerkreig the Octopode Wizard began the quest for the
                  | Orb.
     0 | D:1      | Reached XP level 1. HP: 11/11 MP: 4/4
   368 | D:1      | Reached XP level 2. HP: 15/17 MP: 1/6
  1063 | D:1      | Reached XP level 3. HP: 21/21 MP: 1/7
  2062 | D:2      | Found a shimmering altar of Xom.
  2551 | D:2      | Learned a level 3 spell: Conjure Flame
  2555 | D:2      | Learned a level 3 spell: Mephitic Cloud
  2598 | D:3      | Found a shadowy altar of Dithmenos.
  2603 | D:3      | Reached XP level 4. HP: 27/27 MP: 8/8
  2835 | D:3      | Reached XP level 5. HP: 27/31 MP: 3/9
  2999 | D:3      | Found a burning altar of Makhleb.
  3012 | D:3      | Reached skill level 5 in Stealth
  3094 | D:3      | Learned a level 2 spell: Call Imp
  3394 | D:3      | Found a hazy altar of Hepliaklqana.
  3543 | D:3      | Found a glowing silver altar of Zin.
  3952 | D:4      | Reached XP level 6. HP: 37/37 MP: 3/10
  3975 | D:3      | Reached skill level 1 in Poison Magic
  4491 | D:4      | Noticed an orc warrior
  4541 | D:3      | Killed an orc warrior
  4541 | D:3      | Reached skill level 1 in Fighting
  4541 | D:3      | Reached skill level 1 in Shields
  4541 | D:3      | Reached skill level 1 in Fire Magic
  4541 | D:3      | Reached skill level 1 in Air Magic
  4646 | D:4      | Reached XP level 7. HP: 37/43 MP: 2/11
  5094 | D:4      | Found a stormy altar of Qazlal.
  5199 | D:4      | Learned a level 2 spell: Blink
  5298 | D:4      | Found a staircase to the Ecumenical Temple.
  5331 | D:4      | Found an ancient bone altar of Kikubaaqudgha.
  5430 | D:4      | Got a dazzling hand axe
  5431 | D:4      | Identified the +9 hand axe of Action {chop, *Corrode +Rage
                  | rElec MP-9} (You found it on level 4 of the Dungeon)
  5586 | D:4      | Found a burning altar of Makhleb.
  5684 | Temple   | Entered the Ecumenical Temple
  5767 | Temple   | Became a worshipper of Vehumet
  5815 | D:5      | Entered Level 5 of the Dungeon
  5929 | D:5      | Reached skill level 5 in Conjurations
  6108 | D:5      | Killed from afar by an orc priest

Levels and vault maps discovered:
D:1:      psy_arrival_radial02, layout_basic, minivault_27
D:2:      layout_loops_ring, lemuel_round_altar
D:3:      layout_basic, makhleb_grotto_becter, lemuel_round_altar,
          grunt_dithmenos_smoke_and_mirrors, lemuel_crystal_altar
D:4:      layout_layer_cave, kiku_gazebo_pond_becter,
          nicolae_qazlal_general_emergency, minmay_temple_entry_purple_smoke,
          first_ration, bloody_makhleb
D:5:      layout_cave_pools, basic_altar, serial_bayou_pond_c,
          roderic_lattice_a, nemelex_diamond_rough_becter
Temple:   dshaligram_water_room_temple

Skill      XL: |  1  2  3  4  5  6  7 |
---------------+----------------------+-----
Stealth        | 3 4 5 |  5.2
Conjurations   | 2 3 4 5 |  5.4
Poison Magic   | 1 |  1.1
Fighting       | 1 2 |  2.2
Shields        | 1 2 |  2.2
Fire Magic     | 1 2 |  2.2
Air Magic      | 1 2 |  2.1
Summonings     | 2 |  2.0
Dodging        | |  2.1
Spellcasting   | |  3.2
Translocations | |  1.0

Action                   |  1- 3 |  4- 6 |  7- 9 || total
-------------------------+-------+-------+-------++-------
Melee: Unarmed           |    11 |       |       ||    11
       Constrict         |    11 |    14 |     9 ||    34
       Tentacles         |     7 |    10 |     7 ||    24
       Short sword       |    16 |       |       ||    16
       Dagger            |    12 |    55 |       ||    67
       Falchion          |       |     3 |    43 ||    46
Throw: Stone             |       |     9 |       ||     9
       Tomahawk          |       |     1 |       ||     1
 Cast: Magic Dart        |    66 |    90 |    67 ||   223
       Mephitic Cloud    |       |     3 |     2 ||     5
       Conjure Flame     |       |     3 |       ||     3
  Use: Scroll            |     5 |     3 |     3 ||    11
       Potion            |       |     3 |     1 ||     4
 Stab: Sleeping          |     6 |       |       ||     6
       Confused          |       |     1 |     2 ||     3
  Eat: Chunk             |     4 |     4 |     3 ||    11
       Ration            |       |     1 |     1 ||     2
Armor: Skin              |     5 |    31 |     9 ||    45
Dodge: Dodged            |    31 |    65 |    29 ||   125
Block: Buckler           |       |       |     9 ||     9
       Rpst.: Falchion   |       |       |     8 ||     8

Table legend:
 A = Non-vault XP
 B = Vault XP
 C = Vault XP percentage of total XP
 D = Non-vault monster count
 E = Vault monster count
 F = Vault count percentage of total count
                 A         B        C        D         E       F
            +---------+---------+-------+---------+---------+-------
      Total |    1115 |      50 |   4.3 |     106 |       1 |   0.9
            +---------+---------+-------+---------+---------+-------
        D:1 |      42 |       0 |   0.0 |      27 |       0 |   0.0
        D:2 |      36 |       0 |   0.0 |      15 |       0 |   0.0
        D:3 |     313 |      50 |  13.8 |      28 |       1 |   3.4
        D:4 |     306 |       0 |   0.0 |      23 |       0 |   0.0
        D:5 |     418 |       0 |   0.0 |      13 |       0 |   0.0
            +---------+---------+-------+---------+---------+-------
